 Dungeon Crawl Stone Soup version 0.24.1-4-ge52af88ad5 (webtiles) character file.

Game seed: 14687865399617477411, levelgen mode: deterministic

67 Jakon the Shooter (level 4, -9/37 HPs)
             Began as a Centaur Hunter on Apr 16, 2020.
             Mangled by Terence
             ... wielding a +0 trident
              (14 damage)
             ... on level 2 of the Dungeon.
             The game lasted 00:06:34 (1878 turns).

Jakon the Shooter (Centaur Hunter)                  Turns: 1878, Time: 00:06:34

Health: -9/37      AC:  4    Str: 19    XL:     4   Next: 0%
Magic:  4/4        EV:  9    Int: 10    God:
Gold:   105        SH:  0    Dex: 11    Spells: 3/3 levels left

rFire    . . .     SeeInvis .   b - +0 short sword
rCold    . . .     Gourm    .   (no shield)
rNeg     . . .     Faith    .   c - +0 leather armour
rPois    .         Spirit   .   (no helmet)
rElec    .         Reflect  .   (no cloak)
rCorr    .         Harm     .   (no gloves)
MR       .....                  (no barding)
Stlth    +.........             (no amulet)
HPRegen  0.12/turn              (no ring)
MPRegen  0.09/turn              (no ring)

@: mighty, very quick
A: large, hooves 3, deformed body, speed 2, tough skin 3
a: no special abilities


You were on level 2 of the Dungeon.
You were hungry.

You visited 1 branch of the dungeon, and saw 2 of its levels.

You collected 105 gold pieces.

Inventory:

Hand Weapons
 a - a +1 shortbow
 b - a +0 short sword (weapon)
Missiles
 d - an arrow
Armour
 c - a +0 leather armour (worn)
Jewellery
 e - an uncursed ring of poison resistance {unknown}
 g - an uncursed ring of positive energy {unknown}
Scrolls
 h - 3 scrolls of remove curse
Potions
 i - a potion of curing
 j - a potion of magic
Comestibles
 f - 2 rations


   Skills:
 + Level 2.6 Fighting
 + Level 0.1 Short Blades
 + Level 6.5 Bows
 + Level 0.9 Armour
 + Level 1.5 Dodging
 + Level 0.4 Stealth


You had 3 spell levels left.
You didn't know any spells.
Your spell library was empty.

Dungeon Overview and Level Annotations

Branches:
Dungeon (2/15)

Altars:
Qazlal
Vehumet

Annotations:
D:2 Terence


Innate Abilities, Weirdness & Mutations

You have hooves in place of feet.
Armour fits poorly on your strangely shaped body.
You cover ground very quickly.
You have extremely tough skin. (AC +3)


Message History

Terence hits you with a +0 trident! Terence hits you with a +0 trident.
You feel very mighty all of a sudden. Terence hits you but does no damage.
You closely miss Terence.
Terence is heavily wounded.
Terence barely misses you. Terence hits you with a +0 trident!
You hit Terence.
Terence is severely wounded.
Terence hits you with a +0 trident!
* * * LOW HITPOINT WARNING * * *
You hit Terence but do no damage. Your kick misses Terence.
Terence is severely wounded.
Terence hits you but does no damage. Terence closely misses you.
As you read the scroll labeled YVOOXZONAP, it crumbles to dust.
You feel blessed for a moment.
It was a scroll of remove curse.
Terence closely misses you.
You barely miss Terence. Your kick misses Terence.
Terence is severely wounded.
Terence hits you with a +0 trident!
You die...

#.# .# . ##.## %.
.. ##[..## .###(##
##.....##....(..
###....)..#.>.....
#...(._.(..(......
#.#.......#.......
#@##.....###......
#@###...## ....!.
#.# ##.## .....
#.. #.#########.#
#### #......... #
#..######
####.#...(.##
............####.#
########..#.......
##...####..


You could see Terence (berserk).

Vanquished Creatures
  An adder (D:2)
  An ooze (D:2)
  2 worms (D:2)
  A leopard gecko (D:1)
  A bat (D:1)
  6 giant cockroaches
  3 goblins
  6 hobgoblins
  9 jackals
  3 frilled lizards
  6 kobolds
  5 rats
44 creatures vanquished.

Notes
Turn   | Place    | Note
-------+----------+-------------------------------------------
     0 | D:1      | Jakon the Centaur Hunter began the quest for the Orb.
     0 | D:1      | Reached XP level 1. HP: 17/17 MP: 1/1
   208 | D:1      | Reached XP level 2. HP: 24/24 MP: 2/2
   593 | D:1      | Reached skill level 6 in Bows
   726 | D:1      | Reached XP level 3. HP: 30/30 MP: 3/3
  1088 | D:2      | HP: 1/30 [worm (4)]
  1788 | D:2      | Found a stormy altar of Qazlal.
  1834 | D:2      | Reached XP level 4. HP: 36/37 MP: 4/4
  1841 | D:2      | Found a radiant altar of Vehumet.
  1848 | D:2      | Noticed Terence
  1878 | D:2      | Mangled by Terence

Levels and vault maps discovered:
D:1:      dpeg_arrival_simpleton_a, layout_basic
D:2:      layout_loops_ring, grunt_qazlal_sundering, lemuel_round_altar,
          first_ration, chequers_ecumenical_altar_simple, uniq_terence

Skill      XL: |  1  2 |
---------------+-------+-----
Bows           | 6 |  6.5
Fighting       | |  2.6
Short Blades   | |  0.1
Armour         | |  0.9
Dodging        | |  1.5
Stealth        | |  0.4

Action                   |  1- 3 |  4- 6 || total
-------------------------+-------+-------++-------
Melee: Short sword       |    32 |     5 ||    37
       Kick              |     5 |       ||     5
 Fire: Shortbow          |    86 |     9 ||    95
  Use: Potion            |     3 |     1 ||     4
       Scroll            |       |     1 ||     1
  Eat: Chunk             |     1 |       ||     1
Armor: Leather armour    |    20 |     1 ||    21
Dodge: Dodged            |    32 |     4 ||    36
